 Dungeon Crawl Stone Soup version 0.30.0-29-ga12c61a403 (webtiles) character file.

Game seed: 10259199592854226264

74 booth the Conjurer (level 4, 0/34 HPs)
             Began as a Demonspawn Reaver on June 16, 2023.
             Frozen to death by an endoplasm (5 damage)
             ... on level 2 of the Dungeon.
             The game lasted 00:08:04 (1671 turns).

booth the Conjurer (Demonspawn Reaver)              Turns: 1671, Time: 00:08:05

Health: 0/34       AC:  6    Str: 14    XL:     4   Next: 9%
Magic:  7/7        EV: 11    Int: 15    God:
Gold:   64         SH:  4    Dex: 11    Spells: 2/8 levels left

rFire   . . .        a - +0 hand axe
rCold   . . .        (no shield)
rNeg    . . .        b - +0 leather armour
rPois   .            (helmet restricted)
rElec   .            (no cloak)
rCorr   .            i - +0 pair of gloves
SInv    .            (no boots)
Will    .....        (no amulet)
Stlth   +            (no ring)
HPRegen 0.25/turn    (no ring)
MPRegen 0.10/turn

%: no passive effects
@: no status effects
A: horns 1, thin metallic scales 1, condensation shield
a: no special abilities


You were on level 2 of the Dungeon.
You visited 1 branch of the dungeon, and saw 2 of its levels.

You collected 64 gold pieces.

Inventory:

Hand Weapons
 a - a +0 hand axe (weapon)
 c - a +0 war axe
Missiles
 e - 6 datura-tipped darts
 g - 5 poisoned darts (quivered)
Armour
 b - a +0 leather armour (worn)
 i - a +0 pair of gloves (worn)
Jewellery
 h - a ring of flight
Scrolls
 d - a scroll of immolation
 f - a scroll of teleportation {unknown}
 j - a scroll of fog {unknown}
 k - a scroll of magic mapping {unknown}
 l - a scroll of enchant armour {unknown}
 n - a scroll of poison {unknown}
Potions
 m - a potion of invisibility {unknown}


   Skills:
 + Level 2.6 Fighting
 + Level 3.1 Axes
 + Level 2.3 Dodging
 + Level 2.5 Spellcasting
 + Level 3.4 Conjurations


You had 2 spell levels left.
You knew the following spells:

 Your Spells              Type           Power      Damage    Failure   Level
a - Kiss of Death         Conj/Necr      28%        2d7       13%         1
b - Momentum Strike       Conj/Tloc      14%        3d8       21%         2
c - Hailstorm             Conj/Ice       7%         3d4       36%         3

Your spell library contained the following spells:

 Spells                   Type           Power      Damage    Failure   Level
 Magic Dart               Conj           48%        1d5       6%          1
 Call Imp                 Summ           2%         N/A       38%         2
 Mephitic Cloud           Conj/Pois/Air  5%         N/A       45%         3


Dungeon Overview and Level Annotations

Branches:
Dungeon (2/15)

Altars:


Innate Abilities, Weirdness & Mutations

You have a pair of small horns on your head.
You are partially covered in thin metallic scales. (AC +2)
A meltable shield of frost defends you. (SH +4)


Message History

The endoplasm barely misses you.
The kobold hits you from afar with a +0 trident.
A hobgoblin comes into view.
The endoplasm hits you but does no damage.
The kobold hits you but does no damage. The endoplasm freezes you.
You are frozen.
The kobold hits you with a +0 trident.
You hit the kobold.
You kill the kobold!
You hit the endoplasm but do no damage. You hit the hobgoblin.
The endoplasm freezes you.
You are frozen.
You block the hobgoblin's attack.
You barely miss the hobgoblin. Your headbutt misses the hobgoblin.
The hobgoblin is severely wounded.
You hit the endoplasm. x2; The endoplasm closely misses you.
The hobgoblin barely misses you. The endoplasm freezes you.
You are frozen.
You barely miss the hobgoblin. You headbutt the hobgoblin.
You kill the hobgoblin!
You hit the endoplasm.
You kill the endoplasm!
You hit the endoplasm but do no damage. The endoplasm freezes you.
You are frozen.
You hit the endoplasm.
The endoplasm is heavily wounded.
You closely miss the quokka. The quokka bites you.
* * * LOW HITPOINT WARNING * * *
The endoplasm hits you but does no damage.
The quokka bites you but does no damage.
You hit the endoplasm but do no damage.
You headbutt the endoplasm, but do no damage.
The endoplasm is heavily wounded.
You barely miss the quokka. The endoplasm barely misses you.
The quokka bites you.
* * * LOW HITPOINT WARNING * * *
The endoplasm freezes you.
You are frozen.
You die...

###. .. .# .## #.#.# .##..#
... #.# .##.[..# ...#
#.##.# ..(#)# ## ...#
###>.#.####.#..#
#.....##.......#.††...#
..##.... #....######
......### ##.r.### #..#...#
#@J...#
######..###.####.....######
..................>.......#
####..######............###
♣.## ####.....)...# ♣♣♣♣.#
#.........# .....#
#.......##### ♣.P♣##
##.....#....## ♣♣♣♣
#........##..#


You could see an endoplasm and a quokka.

Vanquished Creatures
  2 adders (D:2)
  A worm (D:2)
  A dart slug (D:1)
  2 endoplasms
  6 giant cockroaches
  3 hobgoblins
  7 jackals
  2 kobolds
  2 quokkas
  5 ball pythons
  3 bats (D:1)
  3 frilled lizards (D:2)
  3 goblins
  6 rats
46 creatures vanquished.

Notes
Turn   | Place    | Note
-------+----------+-------------------------------------------
     0 | D:1      | booth the Demonspawn Reaver began the quest for the Orb.
     0 | D:1      | Reached XP level 1. HP: 16/16 MP: 3/3
   134 | D:1      | Gained mutation: You are partially covered in thin metallic
                  | scales. (AC +2) [demonic ancestry]
   134 | D:1      | Reached XP level 2. HP: 18/18 MP: 5/5
   237 | D:1      | Learned a level 2 spell: Momentum Strike
  1095 | D:2      | Gained mutation: You have a pair of small horns on your
                  | head. [demonic ancestry]
  1095 | D:2      | Reached XP level 3. HP: 12/27 MP: 6/6
  1099 | D:2      | Learned a level 3 spell: Hailstorm
  1656 | D:2      | Gained mutation: A meltable shield of frost defends you.
                  | (SH +4) [demonic ancestry]
  1656 | D:2      | Reached XP level 4. HP: 29/34 MP: 7/7
  1671 | D:2      | Frozen to death by an endoplasm

Illustrated notes

Levels and vault maps discovered:
D:1:      dpeg_arrival_tiny_c, layout_basic
D:2:      cheibrodos_pilgrimage, layout_rooms, serial_forest,
          infiniplex_forest_zigzag_2, infiniplex_forest_join,
          infiniplex_forest_lined_room_2, infiniplex_forest_straight_2,
          infiniplex_forest_straight_4, skrybe_limestone_x, minmay_pentomino_w4

Skill      XL: |  1  2  3 |
---------------+----------+-----
Dodging        | 2 |  2.3
Axes           | 3 |  3.1
Fighting       | |  2.6
Spellcasting   | |  2.5
Conjurations   | |  3.4

Action                     |  1- 3 |  4- 6 || total
---------------------------+-------+-------++-------
  Melee: Hand axe          |   156 |    10 ||   166
         Punch             |     1 |       ||     1
         Headbutt          |     5 |     2 ||     7
   Cast: Kiss of Death     |     1 |       ||     1
    Use: Scroll            |     2 |       ||     2
 Armour: Leather armour    |    54 |     7 ||    61
  Dodge: Dodged            |    82 |     5 ||    87
  Block: Other             |       |     3 ||     3
